 Dungeon Crawl Stone Soup version 0.14-a0-2162-g062a2ce (webtiles) character file.

227 Kae the Firebug (level 4, 0/24 HPs)
             Began as a Tengu Fire Elementalist on Jan 28, 2014.
             Slain by an orc
             ... wielding a -1,+3 orcish mace
              (7 damage)
             ... on Level 3 of the Dungeon.
             The game lasted 00:03:07 (1907 turns).

Kae the Firebug (Tengu Fire Elementalist)           Turns: 1907, Time: 00:03:07

HP   0/24        AC  2     Str  8      XL: 4   Next: 57%
MP   1/9         EV 20     Int 16      God:
Gold 136         SH  0     Dex 20      Spells:  3 memorised,  2 levels left

rFire  . . .     SeeInvis .     (no weapon)
rCold  . . .     Clarity  .     a - +0 robe
rNeg   . . .     Conserve .     (no shield)
rPois  .         rCorr    .     (helmet restricted)
rElec  .         rRot     .     (no cloak)
SustAb . .       Spirit   .     (no gloves)
rMut   .         Warding  .     (boots unavailable)
Saprov . . .     Stasis   .     (no amulet)
MR     .....                    (no ring)
                                d - +2 ring of evasion

@: agile, very slightly contaminated, not resistant to hostile enchantments,
quite stealthy
A: beak, talons 3
a: no special abilities


You were on level 3 of the Dungeon.
You were not hungry.

You visited 1 branch of the dungeon, and saw 3 of its levels.

You collected 136 gold pieces.

Inventory:

Missiles
 w - 4 darts (quivered)
 x - an exploding dart
Armour
 a - a +0 robe (worn)
Comestibles
 c - 4 bread rations
 i - 3 meat rations
Scrolls
 e - 2 scrolls of remove curse {unknown}
 g - a scroll of recharging {unknown}
 j - 2 scrolls of identify {unknown}
 n - a scroll of curse weapon {unknown}
 o - 8 scrolls of teleportation {unknown}
 q - 2 scrolls of immolation {unknown}
 u - a scroll of enchant weapon I {unknown}
 v - a scroll of fear {unknown}
 y - a scroll of blinking {unknown}
Jewellery
 d - a +2 ring of evasion (left hand)
 k - an uncursed ring of protection from fire {unknown}
 m - an uncursed ring of protection from fire {unknown}
 r - an uncursed ring of protection from magic {unknown}
Potions
 l - a potion of flight {unknown}
 p - a potion of paralysis {unknown}
 s - a potion of beneficial mutation {unknown}
Books
 b - a book of Flames

   Spells                             Type                      Level
   *Flame Tongue                      Conjuration/Fire             1
   *Throw Flame                       Conjuration/Fire             2
   *Conjure Flame                     Conjuration/Fire             3
   Inner Flame                        Hexes/Fire                   3
   Sticky Flame                       Conjuration/Fire             4
   Fireball                           Conjuration/Fire             5


   Skills:
 - Level 2.1 Dodging
 - Level 2.0 Stealth
 + Level 2.5 Spellcasting
 * Level 3.7 Conjurations
 * Level 4.3 Fire Magic


You had 2 spell levels left.
You knew the following spells:

 Your Spells              Type           Power        Failure   Level  Hunger
a - Flame Tongue          Conj/Fire      ###..        4%          1    #......
b - Throw Flame           Conj/Fire      ###...       8%          2    ##.....
c - Conjure Flame         Conj/Fire      ###.....     12%         3    ###....


Dungeon Overview and Level Annotations

Branches:
Dungeon (3/16)

Altars:


Innate Abilities, Weirdness & Mutations

You have a beak for a mouth.
You have claws for feet.


Message History

Confirm with . or Enter, or press ? or * to list all spells.
You don't have enough magic to cast that spell.
Casting: Flame Tongue
Confirm with . or Enter, or press ? or * to list all spells.
You don't have enough magic to cast that spell.
You hit the orc but do no damage. Your kick misses the orc.
The orc hits you with an orcish mace.
You hit the orc but do no damage. Your kick misses the orc.
You hit the orc but do no damage. The orc hits you with an orcish mace.
* * * LOW HITPOINT WARNING * * *
You are too injured to fight recklessly!
You are too injured to fight recklessly!
You are too injured to fight recklessly!
Drink which item? (? for menu, Esc to quit)
You feel agile all of a sudden.
It was a potion of agility.
The orc closely misses you.
Drink which item? (? for menu, Esc to quit)
It has a very clean taste.
It was a potion of cure mutation.
The orc hits you with an orcish mace!
You die...

#####.......# ###
............# #?...$
............#########....>.
........%...................
............#########.....)..
.###........# #........ .#
########## #).o.....
.####################.........
...............^@ooo..%.......
##############################


You could see 3 orcs.

Vanquished Creatures
  3 adders
  2 giant geckos
  2 giant cockroaches
  9 hobgoblins
  5 jackals
  13 kobolds
  2 quokkas (D:2)
  11 bats
  5 giant newts
  2 goblins (D:2)
  12 rats
66 creatures vanquished.

Notes
Turn   | Place    | Note
--------------------------------------------------------------
     0 | D:1      | Kae, the Tengu Fire Elementalist, began the quest for the Orb.
     0 | D:1      | Reached XP level 1. HP: 10/10 MP: 3/3
   130 | D:1      | Reached XP level 2. HP: 10/15 MP: 1/5
   778 | D:1      | Reached XP level 3. HP: 19/19 MP: 2/7
  1141 | D:2      | Learned a level 2 spell: Throw Flame
  1145 | D:2      | Learned a level 3 spell: Conjure Flame
  1238 | D:2      | Reached skill level 4 in Fire Magic
  1355 | D:2      | Reached XP level 4. HP: 20/24 MP: 0/9
  1907 | D:3      | Slain by an orc

Action                   |  1- 3 |  4- 6 || total
-------------------------+-------+-------++-------
Melee: Unarmed           |    60 |    22 ||    82
 Cast: Flame Tongue      |    57 |    26 ||    83
  Use: Potion            |       |     2 ||     2
 Stab: Sleeping          |       |     1 ||     1
